[Event "GER-ch Youth U14w 2019"]
[Site "Willingen"]
[Date "2019.06.09"]
[Round "1.1"]
[White "Reuter, Elisa"]
[Black "Kalina, Lena"]
[Result "1/2-1/2"]
[ECO "B35"]
[WhiteElo "1923"]
[BlackElo "1687"]
[Annotator "NA"]
[PlyCount "67"]
[EventDate "2019.06.07"]
[EventType "swiss"]
[EventRounds "9"]
[EventCountry "GER"]
[SourceTitle "playchess.com"]
[Source "ChessBase"]
[SourceQuality "1"]
[TimeControl "40/5400+30:1800+30"]

1. e4 c5 2. Nf3 g6 3. d4 cxd4 4. Nxd4 Nc6 5. Be3 Bg7 6. Nc3 Nf6 7. Bc4 O-O 8. Bb3 Qa5 9. O-O d6 10. h3 Bd7 11. f4 Nxd4 12. Bxd4 Bc6 13. Nd5 Rae8 14. Qd3 Nxd5 15. exd5 Bb5 16. c4 Bd7 17. Bxg7 Kxg7 18. Qd4+ Kg8 19. Rae1 Qc5 20. Qxc5 dxc5 21. Bc2 e6 22. Be4 exd5 23. Bxd5 b6 24. Kf2 Be6 25. Bxe6 Rxe6 26. Rxe6 fxe6 27. Ke2 e5 28. Ke3 Kg7 29. Rf3 Rxf4 30. Rxf4 exf4+ 31. Kxf4 Kf6 32. g4 g5+ 33. Ke4 Ke6 34. a3 1/2-1/2

[Event "GER-ch Youth U14w 2019"]
[Site "Willingen"]
[Date "2019.06.09"]
[Round "1.2"]
[White "Bildat, Emilia"]
[Black "Bashylina, Luisa"]
[Result "0-1"]
[ECO "A20"]
[WhiteElo "1649"]
[BlackElo "1886"]
[Annotator "NA"]
[PlyCount "40"]
[EventDate "2019.06.07"]
[EventType "swiss"]
[EventRounds "9"]
[EventCountry "GER"]
[SourceTitle "playchess.com"]
[Source "ChessBase"]
[SourceQuality "1"]
[TimeControl "40/5400+30:1800+30"]

1. c4 e5 2. g3 Nf6 3. Bg2 d5 4. cxd5 Nxd5 5. Nc3 Nb6 6. d3 Nc6 7. Nf3 Be7 8. O-O Be6 9. Be3 f5 10. Na4 Nd7 11. Rc1 O-O 12. a3 a6 13. Nc5 Nxc5 14. Bxc5 Bd6 15. d4 Bxc5 16. dxc5 Qe7 17. Qa4 Rad8 18. b4 e4 19. Ne1 Nd4 20. Kh1 Bb3 {[%emt 0:00:26] normal} 0-1

[Event "GER-ch Youth U14w 2019"]
[Site "Willingen"]
[Date "2019.06.09"]
[Round "1.3"]
[White "Peglau, Mirjam"]
[Black "Adelhardt, Lisa"]
[Result "1/2-1/2"]
[ECO "E00"]
[WhiteElo "1746"]
[BlackElo "1293"]
[Annotator "NA"]
[PlyCount "115"]
[EventDate "2019.06.07"]
[EventType "swiss"]
[EventRounds "9"]
[EventCountry "GER"]
[SourceTitle "playchess.com"]
[Source "ChessBase"]
[SourceQuality "1"]
[TimeControl "40/5400+30:1800+30"]

1. d4 Nf6 2. c4 e6 3. Bf4 Bb4+ 4. Nc3 d5 5. c5 Ne4 6. Rc1 Nc6 7. Nf3 Bd7 8. e3 O-O 9. Bd3 Nf6 10. O-O Bxc3 11. Rxc3 Ne7 12. b4 a6 13. Qc2 Ng6 14. Bg5 Qe8 15. Ne5 Ba4 16. Qb1 Bb5 17. Bxf6 gxf6 18. Ng4 Kg7 19. f4 Bxd3 20. Rxd3 f5 21. Ne5 Nxe5 22. fxe5 Rg8 23. Qe1 Qe7 24. Rf4 Qg5 25. Qh4 Qxh4 26. Rxh4 h6 27. Rf4 c6 28. Rf2 Kh7 29. Rb2 Rgc8 30. Rdb3 Rcb8 31. a4 Rc8 32. b5 axb5 33. axb5 Rc7 34. bxc6 bxc6 35. Kf2 Kg7 36. Rb7 Rac8 37. Rxc7 Rxc7 38. Rb6 Kg6 39. Kf3 Kg7 40. Kf4 Kg6 41. Ra6 Kg7 42. h4 Kg6 43. g4 fxg4 44. Kxg4 Kh7 45. h5 Kg7 46. Kf3 f6 47. Ke2 fxe5 48. dxe5 Kf7 49. Ra8 Kg7 50. Kd3 Rf7 51. Rc8 Rf5 52. Rc7+ Kf8 53. Kd4 Rxh5 54. Rxc6 Rh4+ 55. Kd3 Ke7 56. Rd6 Rc4 57. c6 Rc1 58. Rd7+ {[%emt 0:00:00] normal} 1/2-1/2

[Event "GER-ch Youth U14w 2019"]
[Site "Willingen"]
[Date "2019.06.09"]
[Round "1.4"]
[White "Orlova, Alicia"]
[Black "Heutling, Elina"]
[Result "0-1"]
[ECO "C55"]
[WhiteElo "1490"]
[BlackElo "1712"]
[Annotator "NA"]
[PlyCount "84"]
[EventDate "2019.06.07"]
[EventType "swiss"]
[EventRounds "9"]
[EventCountry "GER"]
[SourceTitle "playchess.com"]
[Source "ChessBase"]
[SourceQuality "1"]
[TimeControl "40/5400+30:1800+30"]

1. e4 e5 2. Nf3 Nc6 3. Bc4 Nf6 4. d3 Be7 5. Nc3 O-O 6. a3 d6 7. Be3 Be6 8. b4 a6 9. Nd5 Qd7 10. Qd2 Bxd5 11. Bxd5 Nxd5 12. exd5 Nd8 13. O-O c6 14. dxc6 Nxc6 15. Ng5 h6 16. Nf3 f5 17. Rfe1 Bf6 18. Rad1 Qc7 19. Qe2 Rac8 20. c4 b5 21. cxb5 axb5 22. Rc1 f4 23. Qa2+ Kh8 24. Bd2 Qd7 25. Bc3 g5 26. Qb2 g4 27. Nd2 d5 28. Nb3 Qf5 29. d4 e4 30. Bd2 Be7 31. Nc5 h5 32. Bc3 Kh7 33. a4 Na7 34. a5 h4 35. Rc2 f3 36. a6 fxg2 37. Qa2 Bd6 38. f4 gxf3 39. Nb7 Bb8 40. Rxg2 fxg2 41. Qd2 Qf1+ 42. Rxf1 gxf1=Q# {[%emt 0:00:08] normal} 0-1

[Event "GER-ch Youth U14w 2019"]
[Site "Willingen"]
[Date "2019.06.09"]
[Round "1.5"]
[White "Yue, Qizhou"]
[Black "Buchholz, Maja"]
[Result "1-0"]
[ECO "C11"]
[WhiteElo "1840"]
[BlackElo "1657"]
[Annotator "NA"]
[PlyCount "69"]
[EventDate "2019.06.07"]
[EventType "swiss"]
[EventRounds "9"]
[EventCountry "GER"]
[SourceTitle "playchess.com"]
[Source "ChessBase"]
[SourceQuality "1"]
[TimeControl "40/5400+30:1800+30"]

1. e4 e6 2. d4 d5 3. Nc3 Nf6 4. e5 Nfd7 5. f4 c5 6. Be3 Nc6 7. Nf3 Be7 8. Bd3 a6 9. Bf2 c4 10. Be2 b5 11. g4 Bb7 12. Bf1 f6 13. exf6 Nxf6 14. Ng5 Qc8 15. Qe2 Nd8 16. Bh3 h6 17. Nf3 Bd6 18. Ne5 Bxe5 19. Qxe5 O-O 20. g5 hxg5 21. Qxg5 Nf7 22. Qg6 Nd6 23. Rg1 Rf7 24. Bh4 Qd7 25. Bxf6 Rxf6 26. Qxf6 Re8 27. O-O-O Kh8 28. Qh4+ Kg8 29. Rde1 b4 30. Ne2 Qa4 31. Qg5 Qd7 32. Ng3 Re7 33. f5 Nf7 34. fxe6 Nxg5 35. exd7 {[%emt 0:00:10] normal} 1-0

[Event "GER-ch Youth U14w 2019"]
[Site "Willingen"]
[Date "2019.06.09"]
[Round "1.6"]
[White "Gerber, Anna Sophie"]
[Black "Liu, Sijia Anna"]
[Result "0-1"]
[ECO "E67"]
[WhiteElo "1473"]
[BlackElo "1705"]
[Annotator "NA"]
[PlyCount "121"]
[EventDate "2019.06.07"]
[EventType "swiss"]
[EventRounds "9"]
[EventCountry "GER"]
[SourceTitle "playchess.com"]
[Source "ChessBase"]
[SourceQuality "1"]
[TimeControl "40/5400+30:1800+30"]

1. d4 Nf6 2. Nf3 g6 3. c4 Bg7 4. Nc3 O-O 5. g3 d6 6. Bg2 Nbd7 7. O-O c5 8. e4 Rb8 9. b3 a6 10. a4 b6 11. Bb2 Bb7 12. Qc2 cxd4 13. Nxd4 Rc8 14. Rad1 Qc7 15. Rfe1 Rfe8 16. f3 Nc5 17. Nde2 Qb8 18. Nf4 Bc6 19. b4 Ncd7 20. Qb3 Ne5 21. b5 Bb7 22. Ncd5 Nfd7 23. Bxe5 Bxe5 24. Nd3 Bg7 25. Rb1 e6 26. Ne3 Qc7 27. Rbc1 Nc5 28. Nxc5 Qxc5 29. Kh1 Bd4 30. Qd3 Bg7 31. Red1 Red8 32. Qd2 Qa3 33. bxa6 Bxa6 34. Rb1 Rc6 35. Qf2 Qxa4 36. Nf1 Bxc4 37. f4 d5 38. exd5 Bxd5 39. Bxd5 Rxd5 40. Qe2 Rxd1 41. Rxd1 h6 42. Ne3 Qe4+ 43. Qg2 Qxg2+ 44. Kxg2 Kf8 45. Rd7 Ke8 46. Rb7 h5 47. Kf3 Bd4 48. Nf1 Rd6 49. Rb8+ Rd8 50. Rb7 Rd7 51. Rb8+ Ke7 52. h3 Kd6 53. Nd2 Kc7 54. Ra8 b5 55. Nb3 Kc6 56. Rc8+ Kd5 57. Rc2 Bb6 58. Rd2+ Kc6 59. Rc2+ Kb7 60. Ke4 f6 61. Rb2 {[%emt 0:00:13] unterminated} 0-1

[Event "GER-ch Youth U14w 2019"]
[Site "Willingen"]
[Date "2019.06.09"]
[Round "1.7"]
[White "Wagner, Margarethe"]
[Black "Albayrak, Nese Pinar"]
[Result "1-0"]
[ECO "C70"]
[WhiteElo "1741"]
[BlackElo "1530"]
[Annotator "NA"]
[PlyCount "109"]
[EventDate "2019.06.07"]
[EventType "swiss"]
[EventRounds "9"]
[EventCountry "GER"]
[SourceTitle "playchess.com"]
[Source "ChessBase"]
[SourceQuality "1"]
[TimeControl "40/5400+30:1800+30"]

1. e4 e5 2. Nf3 Nc6 3. Bb5 a6 4. Ba4 b5 5. Bb3 Bc5 6. O-O d6 7. c3 Nf6 8. Bc2 Bg4 9. h3 Bh5 10. d3 O-O 11. Nbd2 Re8 12. Re1 d5 13. Nf1 dxe4 14. dxe4 Qxd1 15. Bxd1 Rad8 16. Ng3 Bg6 17. Bc2 Rd6 18. Nh4 Nh5 19. Ngf5 Bxf5 20. Nxf5 Rg6 21. Kf1 Nf4 22. Nh4 Rf6 23. Be3 Bxe3 24. Rxe3 Rd6 25. Nf3 Rg6 26. Ne1 Rd8 27. h4 Ne6 28. Nd3 Nf8 29. Bb3 Nd7 30. Rd1 Rd6 31. Bc2 Nb6 32. b3 R6d7 33. Ke2 f6 34. g3 a5 35. Nc5 Rxd1 36. Bxd1 b4 37. Ne6 Rd7 38. Rd3 Re7 39. Nc5 Kf8 40. Ke3 Ke8 41. Bg4 bxc3 42. Rxc3 Nd4 43. Kd3 g6 44. a4 c6 45. f4 Na8 46. fxe5 fxe5 47. Ke3 h5 48. Bh3 Rg7 49. Nd3 Re7 50. Nxe5 Rxe5 51. Kxd4 Re7 52. Rxc6 Kf7 53. Ra6 Nc7 54. Rxa5 Ne6+ 55. Bxe6+ {[%emt 0:00:00] normal} 1-0

[Event "GER-ch Youth U14w 2019"]
[Site "Willingen"]
[Date "2019.06.09"]
[Round "1.8"]
[White "Petersen, Sophie"]
[Black "Oswald, Hannah"]
[Result "0-1"]
[ECO "C70"]
[WhiteElo "1430"]
[BlackElo "1632"]
[Annotator "NA"]
[PlyCount "134"]
[EventDate "2019.06.07"]
[EventType "swiss"]
[EventRounds "9"]
[EventCountry "GER"]
[SourceTitle "playchess.com"]
[Source "ChessBase"]
[SourceQuality "1"]
[TimeControl "40/5400+30:1800+30"]

1. e4 e5 2. Nf3 Nc6 3. Bb5 a6 4. Ba4 Bc5 5. O-O d6 6. c3 Bd7 7. d3 Nge7 8. Nbd2 O-O 9. Re1 h6 10. Nf1 f5 11. Bb3+ Kh8 12. exf5 Bxf5 13. Be3 Ba7 14. Bxa7 Rxa7 15. h3 Ng6 16. Ng3 Bd7 17. d4 exd4 18. Nxd4 Qf6 19. Ne4 Qh4 20. Nf3 Qf4 21. Qd3 Nge5 22. Nxe5 Nxe5 23. Qe3 Raa8 24. Qxf4 Rf7 25. Qf5 Rxf5 26. Rac1 Rf4 27. Rcd1 Bf5 28. Ng3 Bg6 29. Bd5 Raf8 30. f3 b6 31. Be4 Bxe4 32. Nxe4 R4f7 33. b3 a5 34. c4 Re7 35. Nc3 Rfe8 36. Re4 Rf8 37. Nd5 Ref7 38. f4 Ng6 39. g3 Kh7 40. Kg2 Ra8 41. a4 Rb8 42. h4 h5 43. Rde1 Rbf8 44. Re8 Rxe8 45. Rxe8 c6 46. Nc3 Re7 47. Rxe7 Nxe7 48. Kf3 Nf5 49. Ne2 Kg6 50. Ke4 Kf6 51. Kf3 Ke6 52. Ke4 d5+ 53. cxd5+ cxd5+ 54. Kd3 Kd6 55. Kc3 Kc5 56. Kd2 Nd4 57. Nxd4 Kxd4 58. f5 Ke4 59. Kc3 d4+ 60. Kd2 Kxf5 61. Kd3 Ke5 62. Kd2 Ke4 63. Ke2 d3+ 64. Kd1 Ke3 65. Ke1 d2+ 66. Kd1 g6 67. Kc2 Ke2 {[%emt 0:00:25] normal} 0-1

[Event "GER-ch Youth U14w 2019"]
[Site "Willingen"]
[Date "2019.06.09"]
[Round "1.9"]
[White "Werner, Rosalie"]
[Black "Sinner, Joselyne"]
[Result "1-0"]
[ECO "C68"]
[WhiteElo "1610"]
[BlackElo "1521"]
[Annotator "NA"]
[PlyCount "38"]
[EventDate "2019.06.07"]
[EventType "swiss"]
[EventRounds "9"]
[EventCountry "GER"]
[SourceTitle "playchess.com"]
[Source "ChessBase"]
[SourceQuality "1"]
[TimeControl "40/5400+30:1800+30"]

1. e4 e5 2. Nf3 Nc6 3. Bb5 a6 4. Bxc6 dxc6 5. O-O Qf6 6. d4 exd4 7. Qxd4 Qxd4 8. Nxd4 Bd7 9. Be3 O-O-O 10. Nd2 Ne7 11. Rad1 Ng6 12. Nc4 c5 13. Nb3 b6 14. Rd2 Be7 15. Rfd1 Be6 16. Rxd8+ Rxd8 17. Rxd8+ Bxd8 18. Nbd2 b5 19. Na3 Be7 {[%emt 0:04:03] normal} 1-0

[Event "GER-ch Youth U14w 2019"]
[Site "Willingen"]
[Date "2019.06.09"]
[Round "1.10"]
[White "Berghold, Lotta"]
[Black "Butenandt, Svenja"]
[Result "0-1"]
[ECO "A45"]
[WhiteElo "1471"]
[BlackElo "1722"]
[Annotator "NA"]
[PlyCount "92"]
[EventDate "2019.06.07"]
[EventType "swiss"]
[EventRounds "9"]
[EventCountry "GER"]
[SourceTitle "playchess.com"]
[Source "ChessBase"]
[SourceQuality "1"]
[TimeControl "40/5400+30:1800+30"]

1. d4 Nf6 2. Nd2 d5 3. Ngf3 e6 4. e3 Bd6 5. Bd3 O-O 6. O-O Nbd7 7. e4 dxe4 8. Nxe4 Nxe4 9. Bxe4 Nf6 10. Bd3 b6 11. Bg5 Bb7 12. Re1 h6 13. Bxf6 Qxf6 14. Be4 Bxe4 15. Rxe4 Rfd8 16. c3 c5 17. Qe2 Rac8 18. Rd1 Qf5 19. a3 g5 20. dxc5 Bxh2+ 21. Nxh2 Rxd1+ 22. Qxd1 Qxe4 23. cxb6 axb6 24. Qd7 Qc6 25. Qd4 Qc5 26. Qf6 Qf8 27. Ng4 Qg7 28. Qe7 Qf8 29. Qf6 Kh7 30. Qe5 Qg7 31. Qd6 h5 32. Ne3 b5 33. Qd3+ Qg6 34. Qxb5 Qb1+ 35. Nf1 Kg6 36. Qb6 Rxc3 37. Qb8 Rc1 38. Qg8+ Kf6 39. Qd8+ Kf5 40. Qa5+ e5 41. Qb5 Rd1 42. b4 Qd3 43. Qxd3+ Rxd3 44. Ng3+ Kg6 45. a4 Rd4 46. Kf1 Rxb4 {[%emt 0:00:00] normal} 0-1

[Event "GER-ch Youth U14w 2019"]
[Site "Willingen"]
[Date "2019.06.09"]
[Round "1.11"]
[White "Becker, Linda"]
[Black "Zixin, Li"]
[Result "1/2-1/2"]
[ECO "B22"]
[WhiteElo "1683"]
[BlackElo "1284"]
[Annotator "NA"]
[PlyCount "65"]
[EventDate "2019.06.07"]
[EventType "swiss"]
[EventRounds "9"]
[EventCountry "GER"]
[SourceTitle "playchess.com"]
[Source "ChessBase"]
[SourceQuality "1"]
[TimeControl "40/5400+30:1800+30"]

1. e4 c5 2. c3 Nf6 3. e5 Nd5 4. d4 cxd4 5. cxd4 d6 6. Nf3 Nc6 7. Bc4 dxe5 8. dxe5 Nb6 9. Qxd8+ Nxd8 10. Bb3 g6 11. O-O Bg7 12. Nc3 O-O 13. Be3 Bg4 14. Rfe1 Nc6 15. Bf4 Bxf3 16. gxf3 Nd7 17. e6 Nde5 18. Bxe5 Nxe5 19. exf7+ Nxf7 20. Rxe7 Rab8 21. Rd1 Bf6 22. Rxf7 Rxf7 23. Rd7 Rbf8 24. Ne4 Kg7 25. Bxf7 Rxf7 26. Rxf7+ Kxf7 27. b3 Be7 28. Kf1 Ke6 29. Ke2 Ke5 30. Ke3 g5 31. a3 Bxa3 32. Kd3 Kf4 33. Ke2 {[%emt 0:06:03] normal} 1/2-1/2

[Event "GER-ch Youth U14w 2019"]
[Site "Willingen"]
[Date "2019.06.09"]
[Round "1.12"]
[White "Avetyan, Manan"]
[Black "Zoellner, Bente"]
[Result "0-1"]
[ECO "B33"]
[WhiteElo "1307"]
[BlackElo "1530"]
[Annotator "NA"]
[PlyCount "74"]
[EventDate "2019.06.07"]
[EventType "swiss"]
[EventRounds "9"]
[EventCountry "GER"]
[SourceTitle "playchess.com"]
[Source "ChessBase"]
[SourceQuality "1"]
[TimeControl "40/5400+30:1800+30"]

1. e4 c5 2. Nf3 Nc6 3. d4 cxd4 4. Nxd4 Nf6 5. Nc3 e5 6. Ndb5 d6 7. Bg5 a6 8. Na3 b5 9. Bxf6 gxf6 10. Nd5 Be7 11. c3 O-O 12. Qh5 Be6 13. Bd3 Kh8 14. Nc2 Rg8 15. Nce3 Rg5 16. Qf3 Rg6 17. g4 Qg8 18. O-O-O Qg7 19. h3 Bd8 20. Bc2 Ne7 21. Nf5 Qf8 22. Nxd6 Nxd5 23. exd5 Bd7 24. Bxg6 fxg6 25. Nb7 Bb6 26. Kb1 Rb8 27. d6 Rc8 28. Qe2 Bc6 29. d7 Bxh1 30. dxc8=Q Qxc8 31. Nd6 Qc6 32. Qf1 Bd5 33. Qd3 Bf3 34. Rd2 Bc5 35. a3 Kg7 36. b4 Bxd6 37. Qxd6 Qxc3 {[%emt 0:00:16] normal} 0-1

[Event "GER-ch Youth U14w 2019"]
[Site "Willingen"]
[Date "2019.06.09"]
[Round "2.1"]
[White "Bashylina, Luisa"]
[Black "Oswald, Hannah"]
[Result "1/2-1/2"]
[ECO "C45"]
[WhiteElo "1886"]
[BlackElo "1632"]
[Annotator "NA"]
[PlyCount "68"]
[EventDate "2019.06.07"]
[EventType "swiss"]
[EventRounds "9"]
[EventCountry "GER"]
[SourceTitle "playchess.com"]
[Source "ChessBase"]
[SourceQuality "1"]
[TimeControl "40/5400+30:1800+30"]

1. e4 e5 2. Nf3 Nc6 3. d4 exd4 4. Nxd4 Bc5 5. Be3 Qf6 6. c3 Nge7 7. Bc4 Ne5 8. Be2 d6 9. O-O Qg6 10. f4 N5c6 11. Nd2 O-O 12. Bh5 Qf6 13. N2b3 Bb6 14. Kh1 Ng6 15. Qd2 Qd8 16. a4 a5 17. Nxc6 bxc6 18. Bxb6 cxb6 19. Rad1 d5 20. exd5 Qxd5 21. Qxd5 cxd5 22. f5 Ne7 23. f6 Nf5 24. fxg7 Kxg7 25. Rfe1 Be6 26. Bf3 Rad8 27. Nd4 Nxd4 28. Rxd4 Rd7 29. Be2 Rfd8 30. Bb5 Rd6 31. Bd3 h6 32. Re3 Kf8 33. Rf3 Ke7 34. Rh4 d4 {[%emt 0:02:20] normal} 1/2-1/2

[Event "GER-ch Youth U14w 2019"]
[Site "Willingen"]
[Date "2019.06.09"]
[Round "2.2"]
[White "Heutling, Elina"]
[Black "Werner, Rosalie"]
[Result "1-0"]
[ECO "C06"]
[WhiteElo "1712"]
[BlackElo "1610"]
[Annotator "NA"]
[PlyCount "57"]
[EventDate "2019.06.07"]
[EventType "swiss"]
[EventRounds "9"]
[EventCountry "GER"]
[SourceTitle "playchess.com"]
[Source "ChessBase"]
[SourceQuality "1"]
[TimeControl "40/5400+30:1800+30"]

1. e4 e6 2. d4 d5 3. Nd2 Nf6 4. e5 Nfd7 5. Bd3 c5 6. c3 Nc6 7. Ne2 cxd4 8. cxd4 f6 9. exf6 Nxf6 10. O-O Bd6 11. Nf3 O-O 12. Bf4 Bxf4 13. Nxf4 Ng4 14. Ne2 a6 15. h3 Nf6 16. Re1 Qd6 17. Qd2 Bd7 18. Nf4 Ne4 19. Bxe4 Qxf4 20. Qxf4 Rxf4 21. Bd3 Nxd4 22. Ne5 Bc6 23. Rad1 Raf8 24. Rd2 R8f6 25. Re3 g6 26. f3 Kg7 27. Kf2 Nb5 28. Rc2 Nd4 29. Rc1 {[%emt 0:01:01] normal} 1-0

[Event "GER-ch Youth U14w 2019"]
[Site "Willingen"]
[Date "2019.06.09"]
[Round "2.3"]
[White "Butenandt, Svenja"]
[Black "Yue, Qizhou"]
[Result "0-1"]
[ECO "E46"]
[WhiteElo "1722"]
[BlackElo "1840"]
[Annotator "NA"]
[PlyCount "81"]
[EventDate "2019.06.07"]
[EventType "swiss"]
[EventRounds "9"]
[EventCountry "GER"]
[SourceTitle "playchess.com"]
[Source "ChessBase"]
[SourceQuality "1"]
[TimeControl "40/5400+30:1800+30"]

1. d4 Nf6 2. c4 e6 3. Nc3 Bb4 4. e3 O-O 5. Nge2 d6 6. a3 Bxc3+ 7. Nxc3 Nc6 8. e4 e5 9. d5 Ne7 10. Be2 Nd7 11. O-O f5 12. f3 a5 13. Be3 f4 14. Bf2 g5 15. b4 Nf6 16. c5 axb4 17. axb4 Rxa1 18. Qxa1 g4 19. Bh4 h5 20. Qd1 gxf3 21. Bxf3 Ng4 22. Qe2 Kh7 23. Ra1 Rg8 24. Ra8 Qf8 25. Nb5 dxc5 26. Na7 cxb4 27. d6 cxd6 28. Bxe7 Qxe7 29. Rxc8 Rxc8 30. Nxc8 Qd7 31. Bxg4 hxg4 32. Qc4 Kg7 33. Nb6 Qc6 34. Qxb4 Qc1+ 35. Kf2 Qe3+ 36. Kf1 g3 37. hxg3 fxg3 38. Qb2 Qd3+ 39. Ke1 Qxe4+ 40. Kd1 Qd3+ 41. Ke1 {[%emt 0:30:08] normal} 0-1

[Event "GER-ch Youth U14w 2019"]
[Site "Willingen"]
[Date "2019.06.09"]
[Round "2.5"]
[White "Zoellner, Bente"]
[Black "Wagner, Margarethe"]
[Result "1-0"]
[ECO "E61"]
[WhiteElo "1530"]
[BlackElo "1741"]
[Annotator "NA"]
[PlyCount "74"]
[EventDate "2019.06.07"]
[EventType "swiss"]
[EventRounds "9"]
[EventCountry "GER"]
[SourceTitle "playchess.com"]
[Source "ChessBase"]
[SourceQuality "1"]
[TimeControl "40/5400+30:1800+30"]

1. d4 Nf6 2. c4 g6 3. Nc3 Bg7 4. Nf3 d6 5. Bg5 Nbd7 6. e4 h6 7. Be3 e5 8. d5 O-O 9. Bd3 a5 10. O-O b6 11. a3 Nc5 12. Bc2 Bd7 13. b4 axb4 14. axb4 Na6 15. Qb1 Qe7 16. h3 Rfc8 17. Ra2 Qe8 18. Ba4 Bxa4 19. Rxa4 c5 20. dxc6 Nc7 21. b5 Rab8 22. Qc1 Kh7 23. Qa3 Bf8 24. Qb2 Qd8 25. Rd1 Qe8 26. Qc2 Qe7 27. Ra7 Qe8 28. Na4 Na8 29. Rxa8 Rxa8 30. Nxb6 Rab8 31. Nxc8 Qxc8 32. Ra1 Kg8 33. Ra7 Ne8 34. Qa4 f5 35. b6 f4 36. b7 Qc7 37. Bd2 Qd8 {[%emt 0:04:03] normal} 1-0

[Event "GER-ch Youth U14w 2019"]
[Site "Willingen"]
[Date "2019.06.09"]
[Round "2.8"]
[White "Adelhardt, Lisa"]
[Black "Becker, Linda"]
[Result "1/2-1/2"]
[ECO "C01"]
[WhiteElo "1293"]
[BlackElo "1683"]
[Annotator "NA"]
[PlyCount "65"]
[EventDate "2019.06.07"]
[EventType "swiss"]
[EventRounds "9"]
[EventCountry "GER"]
[SourceTitle "playchess.com"]
[Source "ChessBase"]
[SourceQuality "1"]
[TimeControl "40/5400+30:1800+30"]

1. e4 e6 2. d4 d5 3. exd5 Qxd5 4. Nf3 Nf6 5. Bd3 Be7 6. O-O O-O 7. Nc3 Qd8 8. a3 b6 9. Re1 Bb7 10. Be3 Nbd7 11. Qe2 Qc8 12. Rad1 c5 13. dxc5 Nxc5 14. Bxc5 Bxc5 15. Ne4 Be7 16. Nfg5 Nxe4 17. Nxe4 f5 18. Ng3 Rf6 19. Nxf5 Bxa3 20. bxa3 exf5 21. Bc4+ Kh8 22. Bd5 Bxd5 23. Rxd5 Qf8 24. Rd3 h6 25. g3 Qf7 26. Re3 Qd5 27. Rd3 Qc5 28. Re3 Rc8 29. Re8+ Rxe8 30. Qxe8+ Kh7 31. Qa4 b5 32. Qb3 a5 33. Rb1 {[%emt 0:00:47] normal} 1/2-1/2

[Event "GER-ch Youth U14w 2019"]
[Site "Willingen"]
[Date "2019.06.09"]
[Round "2.9"]
[White "Zixin, Li"]
[Black "Bildat, Emilia"]
[Result "0-1"]
[ECO "B34"]
[WhiteElo "1284"]
[BlackElo "1649"]
[Annotator "NA"]
[PlyCount "39"]
[EventDate "2019.06.07"]
[EventType "swiss"]
[EventRounds "9"]
[EventCountry "GER"]
[SourceTitle "playchess.com"]
[Source "ChessBase"]
[SourceQuality "1"]
[TimeControl "40/5400+30:1800+30"]

1. e4 c5 2. Nf3 Nc6 3. d4 cxd4 4. Nxd4 g6 5. Nc3 Bg7 6. Nb3 d6 7. Be3 Be6 8. Qd2 h5 9. f3 Nf6 10. O-O-O Bxb3 11. cxb3 Rc8 12. Kb1 Nd7 13. Rc1 Nc5 14. h4 a6 15. g4 hxg4 16. Bxc5 dxc5 17. Qxd8+ Rxd8 18. fxg4 Ne5 19. g5 Nf3 20. Nd5 {[%emt 0:01:04] normal} 0-1

[Event "GER-ch Youth U14w 2019"]
[Site "Willingen"]
[Date "2019.06.09"]
[Round "2.10"]
[White "Sinner, Joselyne"]
[Black "Orlova, Alicia"]
[Result "0-1"]
[ECO "C48"]
[WhiteElo "1521"]
[BlackElo "1490"]
[Annotator "NA"]
[PlyCount "78"]
[EventDate "2019.06.07"]
[EventType "swiss"]
[EventRounds "9"]
[EventCountry "GER"]
[SourceTitle "playchess.com"]
[Source "ChessBase"]
[SourceQuality "1"]
[TimeControl "40/5400+30:1800+30"]

1. e4 e5 2. Nf3 Nc6 3. Nc3 Nf6 4. Bb5 d6 5. d4 exd4 6. Nxd4 Bd7 7. Bg5 Be7 8. Bf4 O-O 9. O-O Re8 10. Re1 Bf8 11. Nxc6 bxc6 12. Bc4 Be6 13. Bxe6 fxe6 14. e5 Nd5 15. Nxd5 cxd5 16. exd6 Bxd6 17. Bxd6 Qxd6 18. Qd3 e5 19. Rad1 Rad8 20. Qg3 e4 21. Qxd6 Rxd6 22. c3 c5 23. Rd2 d4 24. cxd4 cxd4 25. Red1 d3 26. Kf1 Rc6 27. Ke1 Kf7 28. g3 Kg6 29. f3 Rc2 30. Rxc2 dxc2 31. Rc1 exf3+ 32. Kf2 Re2+ 33. Kxf3 Rxh2 34. b4 Kf5 35. a4 Ke5 36. Ke3 Kd5 37. Kd3 h5 38. Rxc2 Rxc2 39. Kxc2 Kc4 {[%emt 0:00:14] normal} 0-1

[Event "GER-ch Youth U14w 2019"]
[Site "Willingen"]
[Date "2019.06.09"]
[Round "2.12"]
[White "Avetyan, Manan"]
[Black "Gerber, Anna Sophie"]
[Result "1/2-1/2"]
[ECO "B47"]
[WhiteElo "1307"]
[BlackElo "1473"]
[Annotator "NA"]
[PlyCount "26"]
[EventDate "2019.06.07"]
[EventType "swiss"]
[EventRounds "9"]
[EventCountry "GER"]
[SourceTitle "playchess.com"]
[Source "ChessBase"]
[SourceQuality "1"]
[TimeControl "40/5400+30:1800+30"]

1. e4 c5 2. Nf3 e6 3. d4 cxd4 4. Nxd4 Nc6 5. Nc3 Qc7 6. g3 a6 7. Bg2 Be7 8. O-O Nf6 9. Re1 d6 10. Nxc6 bxc6 11. e5 dxe5 12. Rxe5 Nd5 13. Nxd5 cxd5 {[%emt 0:00:34] normal} 1/2-1/2

[Event "GER-ch Youth U14w 2019"]
[Site "Willingen"]
[Date "2019.06.10"]
[Round "3.1"]
[White "Doll, Rebecca"]
[Black "Heutling, Elina"]
[Result "1-0"]
[ECO "C55"]
[WhiteElo "1678"]
[BlackElo "1712"]
[Annotator "NA"]
[PlyCount "54"]
[EventDate "2019.06.07"]
[EventType "swiss"]
[EventRounds "9"]
[EventCountry "GER"]
[SourceTitle "playchess.com"]
[Source "ChessBase"]
[SourceQuality "1"]
[TimeControl "40/5400+30:1800+30"]

1. e4 e5 2. Nf3 Nc6 3. Bc4 Nf6 4. d3 Be7 5. O-O O-O 6. Bb3 d6 7. c3 Na5 8. Bc2 c5 9. Nbd2 Nc6 10. Re1 Re8 11. Nf1 h6 12. Ng3 Bf8 13. h3 a6 14. Be3 b5 15. d4 cxd4 16. cxd4 Bb7 17. a3 Qc7 18. Rc1 Rac8 19. Bb1 Qb8 20. Qd2 exd4 21. Nxd4 Ne5 22. Ndf5 Nc4 23. Qd4 Nxe3 24. Nxe3 Rxc1 25. Rxc1 Qd8 26. Rd1 Qc7 27. Nef5 h5 {[%emt 0:02:22] normal} 1-0

[Event "GER-ch Youth U14w 2019"]
[Site "Willingen"]
[Date "2019.06.10"]
[Round "3.2"]
[White "Yue, Qizhou"]
[Black "Zoellner, Bente"]
[Result "1-0"]
[ECO "B24"]
[WhiteElo "1840"]
[BlackElo "1530"]
[Annotator "NA"]
[PlyCount "23"]
[EventDate "2019.06.07"]
[EventType "swiss"]
[EventRounds "9"]
[EventCountry "GER"]
[SourceTitle "playchess.com"]
[Source "ChessBase"]
[SourceQuality "1"]
[TimeControl "40/5400+30:1800+30"]

1. e4 c5 2. Nc3 Nc6 3. Bb5 g6 4. Bxc6 dxc6 5. f4 Bg7 6. Nf3 Nf6 7. d3 Bd7 8. O-O O-O 9. Qe1 Qc7 10. f5 a5 11. Qh4 b6 12. Bh6 {[%emt 0:03:44] normal} 1-0